 Dungeon Crawl Stone Soup version 0.26-a0-1040-gbe3abf3417 (webtiles) character file.

Game seed: 12086846139947011579

2 night the Stinger (level 1, 0/15 HPs)
             Began as a Naga Venom Mage on Dec 11, 2020.
             Slain by an ooze (4 damage)
             ... on level 1 of the Dungeon.
             The game lasted 00:00:51 (64 turns).

night the Stinger (Naga Venom Mage)                   Turns: 64, Time: 00:00:51

Health: 0/15       AC:  1    Str: 10    XL:     1   Next: 30%
Magic:  0/3        EV: 10    Int: 15    God:
Gold:   0          SH:  0    Dex: 11    Spells: 3/4 levels left

rFire    . . .     SeeInvis +   (no weapon)
rCold    . . .     Faith    .   (no shield)
rNeg     . . .     Spirit   .   a - +0 robe
rPois    +         Reflect  .   (no helmet)
rElec    .         Harm     .   (no cloak)
rCorr    .         Rampage  .   (no gloves)
Will     .....                  (no barding)
Stlth    ++........             (no amulet)
HPRegen  0.05/turn              (no ring)
MPRegen  0.08/turn              (no ring)

@: short of breath, very slow
A: large, see invisible, deformed body, poison resistance, slowness 2, spit
poison 1, AC +0
a: Spit Poison


You were on level 1 of the Dungeon.
You visited 1 branch of the dungeon, and saw 1 of its levels.

Inventory:

Armour
 a - a +0 robe (worn)


   Skills:
 - Level 1.5 Dodging
 - Level 3.0 Stealth
 + Level 2.0 Spellcasting
 - Level 1.0 Transmutations
 + Level 4.1 Poison Magic


You had 3 spell levels left.
You knew the following spells:

 Your Spells              Type           Power        Failure   Level
a - Sting                 Tmut/Pois      #...         8%          1

Your spell library contained the following spells:

 Spells                   Type           Power        Failure   Level
 Poisonous Vapours        Pois/Air       #.....       14%         2
 Ignite Poison            Fire/Tmut/Pois #.......     32%         3
 Mephitic Cloud           Conj/Pois/Air  #.......     36%         3
 Olgreb's Toxic Radiance  Pois           ##......     38%         4


Dungeon Overview and Level Annotations

Branches:
Dungeon (1/15)

Altars:


Innate Abilities, Weirdness & Mutations

You cannot wear boots.
Your serpentine skin is tough. (AC +0)
You have supernaturally acute eyesight. (SInv)
Armour fits poorly on your strangely shaped body.
Your system is resistant to poisons. (rPois)
You cover ground very slowly.
You can spit poison.


Message History

The ooze closely misses you.
Casting: Sting (safe; 8% risk of failure)
Confirm with . or Enter, or press ? or * to list all spells.
Aiming: Sting (safe; 8% risk of failure)
Press: ? - help, Shift-Dir - straight line, f/p - ooze
Aim: an ooze (lightly wounded, poisoned, 3% to evade)
The sting hits the ooze.
The ooze partially resists.
The ooze is lightly wounded.
The ooze hits you. The ooze hits you.
The ooze looks more healthy.
Your magical contamination has completely faded away.
The ooze hits you.
* * * LOW HITPOINT WARNING * * *
Press: ? - help, Shift-Dir - straight line, f/p - ooze
Aim: an ooze (moderately wounded)
The splash of poison hits the ooze.
The ooze is heavily wounded.
The ooze hits you.
You die...

#...w.. #..... #.....
#..). ##.... ....#
#..# #..############
#......J@##...##
#....###....#..######
#...#..#)####..#....#
#...+..#.'..#..'..<.#
#...#....#..#..#....#
#...#..#.####..######
#...#..#.......#
#..############# ###


You could see an ooze.

Vanquished Creatures
  A goblin (D:1)
  A kobold (D:1)
2 creatures vanquished.

Notes
Turn   | Place    | Note
-------+----------+-------------------------------------------
     0 | D:1      | night the Naga Venom Mage began the quest for the Orb.
     0 | D:1      | Reached XP level 1. HP: 15/15 MP: 3/3
    64 | D:1      | Slain by an ooze

Illustrated notes

Levels and vault maps discovered:
D:1:      dpeg_arrival_erosion, layout_basic, due_unseen_surprise

Action                   || total
-------------------------++-------
 Cast: Sting             ||     4
 Abil: Spit Poison       ||     3
Dodge: Dodged            ||     2

Table legend: (Time is in decaauts)
 A = Elapsed time spent in this place.
 B = Non-inter-level travel time spent in this place.
 C = Inter-level travel time spent in this place.
 D = Time resting spent in this place.
 E = Time spent auto-exploring this place.
 F = Levels seen in this place.
 G = Mean time per level.
                   A        B        C        D        E       F      G
               +--------+--------+--------+--------+--------+-----+--------+
         Total |     78 |     78 |      0 |     14 |     32 |   1 |   78.0 |
       Dungeon |     78 |     78 |      0 |     14 |     32 |   1 |   78.0 |
               +--------+--------+--------+--------+--------+-----+--------+

Top non-repeatable levels by time:
     D:1: 78 daAuts
